 Dungeon Crawl Stone Soup version 0.21.0-8-gf18e19db4a (webtiles) character file.

5002 Rrauwl the Slinger (level 10, -10/60 HPs)
             Began as a Halfling Hunter on Jan 17, 2018.
             Was a Believer of Okawaru.
             Mangled by an orc knight
             ... wielding a +1 long sword of draining
              (20 damage)
             ... on level 7 of the Dungeon.
             The game lasted 00:42:25 (7504 turns).

Rrauwl the Slinger (Halfling Hunter)                Turns: 7504, Time: 00:42:26

Health: -10/60     AC: 11    Str: 17    XL:     10   Next: 84%
Magic:  13/13      EV: 18    Int:  9    God:    Okawaru [**....]
Gold:   370        SH:  0    Dex: 17    Spells: 9/9 levels left

rFire    . . .     SeeInvis +   b - +2 hunting sling
rCold    . . .     Gourm    .   (shield restricted)
rNeg     . . .     Faith    .   r - +1 scale mail
rPois    .         Spirit   .   (no helmet)
rElec    .         Reflect  .   (no cloak)
rCorr    .         Harm     .   (no gloves)
MR       +....                  t - +0 pair of boots
Stlth    ++........             (no amulet)
HPRegen  0.20/turn              m - ring of see invisible
MPRegen  0.13/turn              w - ring of protection from magic

@: heroism, very slightly contaminated, heavily drained
A: small, mutation resistance 1, strong 1
a: Heroism, Renounce Religion


You were on level 7 of the Dungeon.
You worshipped Okawaru.
Okawaru was pleased with you.
You were hungry.

You visited 1 branch of the dungeon, and saw 7 of its levels.

You collected 370 gold pieces.

Inventory:

Hand Weapons
 a - a +0 falchion
 b - a +2 hunting sling (weapon)
Missiles
 d - 7 sling bullets (quivered)
 j - 15 stones
Armour
 r - a +1 scale mail (worn)
 t - a +0 pair of boots (worn)
Jewellery
 m - a ring of see invisible (left hand)
 o - an uncursed ring of stealth
 w - a ring of protection from magic (right hand)
Wands
 p - a wand of flame (8)
Scrolls
 i - 8 scrolls of identify
 l - 2 scrolls of teleportation
 s - a scroll of enchant weapon
 v - a scroll of fear
 x - 2 scrolls of amnesia
Potions
 h - a potion of mutation
 n - a potion of flight
 z - a potion of cancellation
Books
 k - a book of Annihilations

   Spells                             Type                      Level
   a - Poison Arrow                   Conjuration/Poison           6
   b - Chain Lightning                Conjuration/Air              8
   c - Lehudib's Crystal Spear        Conjuration/Earth            8
   d - Glaciate                       Conjuration/Ice              9
   e - Fire Storm                     Conjuration/Fire             9
 y - a book of Power

   Spells                             Type                      Level
   a - Iskenderun's Battlesphere      Conjuration/Charms           5
   b - Venom Bolt                     Conjuration/Poison           5
   c - Bolt of Magma                  Conjuration/Fire/Earth       5
   d - Iron Shot                      Conjuration/Earth            6
   e - Orb of Destruction             Conjuration                  7
   f - Spellforged Servitor           Conjuration/Summoning        7
Comestibles
 e - 3 rations


   Skills:
 - Level 2.1(5.5) Fighting
 + Level 6.9(10.0) Long Blades
 - Level 13.2(16.1) Slings
 - Level 8.0(11.1) Armour
 - Level 6.0(9.2) Dodging
 - Level 1.1(4.5) Stealth
 - Level 5.0(3.4) Invocations


You had 9 spell levels left.
You didn't know any spells.

Dungeon Overview and Level Annotations

Branches:
Dungeon (7/15)             Temple (0/1) D:6

Altars:
Ashenzari
Cheibriados
Dithmenos
Elyvilon
Fedhas
Hepliaklqana
Okawaru
Trog
Vehumet


Innate Abilities, Weirdness & Mutations

You are small and have problems with some larger weapons.
You are somewhat resistant to further mutation.
Your muscles are strong. (Str +2)


Message History

The orc knight barely misses you.
Evoke which item? (* to show all) (? for menu, Esc to quit)
Aiming: Throw Flame
Press: ? - help, Shift-Dir - straight line, f/p - orc knight
Aim: an orc knight, wielding a long sword of draining and wearing a plate armour (almost dead)
The puff of flame hits the orc knight.
The orc knight appears unharmed.
The orc knight is almost dead.
The orc knight hits you with a long sword of draining.
* * * LOW HITPOINT WARNING * * *
You feel drained.
* * * LOW HITPOINT WARNING * * *
Okay, then.
Evoke which item? (* to show all) (? for menu, Esc to quit)
Aiming: Throw Flame
Press: ? - help, Shift-Dir - straight line, f/p - orc knight
Aim: an orc knight, wielding a long sword of draining and wearing a plate armour (almost dead)
The puff of flame hits the orc knight.
The orc knight is almost dead.
The orc knight hits you with a long sword of draining!!
You die...

#....# #.≈≈≈....# #....#
#.≈≈≈....# #....#
#+###≈≈....#
#''((#############...#≈≈P...#
..((((((((((.(...#...#≈≈....#
≈..(.≈≈≈≈≈)≈≈≈≈≈≈#####≈≈....#
)...(≈≈≈≈≈≈≈≈≈≈≈≈≈≈≈≈≈≈≈....#
≈..((≈≈≈≈≈≈≈≈≈≈≈≈≈≈≈≈≈≈≈...P#
...(((.(.((.().o@...........#
....######.###.###.##########
)..## #.# #.# #.# .### ###
#.# #.# #.# )# #.# #.# #.#
#.# .# #.#.##.###.# #.#
.###.# #.......# #.# .##.#
##..##### #<# ...## ##.# #.#


You could see an orc knight.

Vanquished Creatures
  Pikel (D:4)
  An orc sorcerer (D:7)
  Sigmund (D:4)
  A hungry ghost (D:7)
  15 wargs (D:7)
  7 orc warriors
  A slave (D:4)
  An ice beast (D:6)
  A phantom (D:6)
  An ogre (D:7)
  A wyvern zombie (D:5)
  5 killer bees (D:7)
  A crimson imp (D:7)
  A howler monkey (D:6)
  The ghost of i1guy the Magician, a weakling DEIE (D:3)
  A bullfrog skeleton (D:4)
  2 jellies
  7 orc wizards
  A centaur skeleton (D:6)
  A gnoll shaman (D:5)
  4 orc priests
  An iguana (D:4)
  2 worker ants
  A hound zombie (D:7)
  A howler monkey zombie (D:7)
  4 gnolls (D:5)
  A howler monkey skeleton (D:7)
  8 adders
  An ooze (D:1)
  4 worms
  A dart slug (D:1)
  A leopard gecko (D:2)
  30 orcs
  A ball python (D:3)
  7 giant cockroaches
  7 goblins
  9 hobgoblins
  4 jackals
  7 kobolds
  4 quokkas
  9 bats
  3 frilled lizards
  A quokka zombie (D:5)
  7 rats
  A plant (D:7)
170 creatures vanquished.

Vanquished Creatures (others)
  5 toadstools (D:1)
5 creatures vanquished.

Grand Total: 175 creatures vanquished

Notes
Turn   | Place    | Note
-------+----------+-------------------------------------------
     0 | D:1      | Rrauwl the Halfling Hunter began the quest for the Orb.
     0 | D:1      | Reached XP level 1. HP: 14/14 MP: 1/1
    47 | D:1      | Reached skill level 6 in Slings
   205 | D:1      | Reached XP level 2. HP: 19/19 MP: 2/2
   407 | D:1      | Reached XP level 3. HP: 22/24 MP: 3/3
   748 | D:2      | Found a hazy altar of Hepliaklqana.
   749 | D:2      | Reached skill level 7 in Slings
   929 | D:2      | Reached XP level 4. HP: 15/29 MP: 4/4
  1122 | D:2      | Found a white marble altar of Elyvilon.
  1653 | D:3      | Found a shattered altar of Ashenzari.
  1684 | D:3      | Reached skill level 8 in Slings
  1845 | D:3      | Reached skill level 1 in Armour
  1845 | D:3      | Reached XP level 5. HP: 33/34 MP: 5/5
  1896 | D:3      | Found a blossoming altar of Fedhas.
  2042 | D:3      | Noticed i1guy's ghost (weakling DEIE)
  2054 | D:3      | Gained mutation: Armour fits poorly on your strangely shaped body. [potion of mutation]
  2054 | D:3      | Gained mutation: You are partially covered in molten scales. (AC +2) [potion of mutation]
  2071 | D:3      | Killed i1guy's ghost
  2078 | D:3      | Lost mutation: Armour fits poorly on your strangely shaped body. [potion of mutation]
  2078 | D:3      | Lost mutation: You are partially covered in molten scales. (AC +2) [potion of mutation]
  2078 | D:3      | Gained mutation: Your muscles are strong. (Str +2) [potion of mutation]
  2334 | D:3      | Found a shadowy altar of Dithmenos.
  2567 | D:4      | Reached XP level 6. HP: 32/39 MP: 6/6
  2595 | D:4      | Reached skill level 9 in Slings
  2756 | D:4      | Reached XP level 7. HP: 41/45 MP: 7/7
  2842 | D:4      | Found a radiant altar of Vehumet.
  2879 | D:4      | Noticed Sigmund
  2887 | D:4      | Killed Sigmund
  2887 | D:4      | Reached skill level 10 in Slings
  2955 | D:4      | Noticed Pikel
  2989 | D:4      | Killed Pikel
  2989 | D:4      | Reached skill level 11 in Slings
  2989 | D:4      | Reached XP level 8. HP: 23/50 MP: 8/8
  3386 | D:4      | Found an iron altar of Okawaru.
  3392 | D:4      | Became a worshipper of Warmaster Okawaru
  3513 | D:5      | Entered Level 5 of the Dungeon
  4449 | D:6      | Reached skill level 12 in Slings
  4449 | D:6      | Reached XP level 9. HP: 19/54 MP: 9/9
  4788 | D:6      | Found a staircase to the Ecumenical Temple.
  5065 | D:6      | Found a snail-covered altar of Cheibriados.
  5325 | D:7      | Reached skill level 1 in Long Blades
  5325 | D:7      | Reached skill level 1 in Invocations
  5390 | D:7      | Reached * piety under Okawaru
  5471 | D:7      | Reached skill level 13 in Slings
  5812 | D:7      | Reached XP level 10. HP: 36/60 MP: 10/13
  5827 | D:7      | Reached ** piety under Okawaru
  5844 | D:7      | Reached skill level 5 in Invocations
  5887 | D:7      | Reached skill level 5 in Long Blades
  6365 | D:7      | Reached skill level 5 in Dodging
  6390 | D:7      | Found a bloodstained altar of Trog.
  6522 | D:7      | Noticed an orc sorcerer
  6525 | D:7      | Noticed a rust devil
  6881 | D:7      | Noticed an orc knight
  7082 | D:7      | Noticed a rust devil
  7094 | D:7      | Killed an orc sorcerer
  7504 | D:7      | Mangled by an orc knight

Skill      XL: |  1  2  3  4  5  6  7  8  9 10 |
---------------+-------------------------------+-----
Slings         | 6 7 8 9 11 12 13 | 13.2
Fighting       | 2 |  2.1
Armour         | 1 2 3 6 7 8 |  8.0
Long Blades    | 4 6 |  6.9
Invocations    | 4 5 |  5.0
Dodging        | 6 |  6.0
Stealth        | |  1.1

Action                   |  1- 3 |  4- 6 |  7- 9 | 10-12 || total
-------------------------+-------+-------+-------+-------++-------
Melee: Falchion          |       |       |     1 |    58 ||    59
       Punch             |       |       |       |     1 ||     1
 Fire: Hunting sling     |    73 |   198 |   337 |   321 ||   929
Invok: Heroism           |       |       |     1 |    10 ||    11
Evoke: Wand              |       |       |     2 |    10 ||    12
  Use: Potion            |       |     9 |     1 |     6 ||    16
       Scroll            |       |       |    10 |     3 ||    13
  Eat: Chunk             |       |     5 |     6 |     3 ||    14
       Ration            |       |       |     1 |     1 ||     2
Armor: Leather armour    |     1 |     2 |       |       ||     3
       Scale mail        |       |    18 |    18 |    22 ||    58
       Chain mail        |       |       |     5 |       ||     5
Dodge: Dodged            |    11 |    49 |    66 |    73 ||   199
       Rpst.: Falchion   |       |       |     1 |     3 ||     4
